 Dungeon Crawl Stone Soup version 0.20.0-15-g7f486f2 (webtiles) character file.

39 KleinerIrrer the Grasshopper (level 3, 0/32 HPs)
             Began as a Naga Warper on June 28, 2017.
             Slain by an adder (5 damage)
             ... on level 2 of the Dungeon.
             The game lasted 00:02:36 (1642 turns).

KleinerIrrer the Grasshopper (Naga Warper)          Turns: 1642, Time: 00:02:38

Health: 0/32       AC:  3    Str: 14    XL:     3   Next: 45%
Magic:  3/6        EV:  9    Int: 13    God:
Gold:   61         SH:  0    Dex: 10    Spells: 2/6 levels left

rFire    . . .     SeeInvis +   a - +0 spear
rCold    . . .     Gourm    .   (no shield)
rNeg     . . .     Faith    .   b - +0 leather armour
rPois    +         Spirit   .   (no helmet)
rElec    .         Reflect  .   k - +0 cloak
rCorr    .         Harm     .   (no gloves)
MR       .....                  (no barding)
Stlth    +.........             (no amulet)
Regen    0.1/turn               (no ring)
MPRegen  0.1/turn               (no ring)

@: lethally poisoned (0 -> -2), very slightly contaminated, very slow
A: see invisible, deformed body, poison resistance, slowness 2, slow metabolism
1, spit poison 1, AC +1
a: Spit Poison


You were on level 2 of the Dungeon.
You were not hungry.

You visited 1 branch of the dungeon, and saw 2 of its levels.

You collected 61 gold pieces.

Inventory:

Hand Weapons
 a - a +0 spear (weapon)
Missiles
 e - 5 tomahawks of dispersal (quivered)
Armour
 b - a +0 leather armour (worn)
 k - a +0 cloak (worn)
Scrolls
 d - a scroll of blinking
 h - 2 scrolls of identify {unknown}
 m - a scroll of amnesia {unknown}
 n - a scroll of magic mapping {unknown}
Potions
 i - a potion of flight {unknown}
 l - a potion of magic {unknown}
 o - a potion of invisibility {unknown}
Books
 c - a book of Spatial Translocations

   Spells                             Type                      Level
   a - Blink                          Translocation                2
   b - Shroud of Golubria             Charms/Translocation         2
   c - Lesser Beckoning               Translocation                3
   d - Gell's Gravitas                Translocation                3
   e - Teleport Other                 Translocation                3
   f - Passage of Golubria            Translocation                4
Comestibles
 f - a bread ration
 g - 2 meat rations


   Skills:
 + Level 2.2 Fighting
 * Level 2.4 Polearms
 + Level 0.8 Throwing
 + Level 1.2 Armour
 + Level 1.9 Dodging
 * Level 0.4 Stealth
 + Level 2.3 Spellcasting
 * Level 3.1 Translocations


You had 2 spell levels left.
You knew the following spells:

 Your Spells              Type           Power        Failure   Level  Hunger
a - Blink                 Tloc           N/A          13%         2    ###....
b - Shroud of Golubria    Chrm/Tloc      #.........   24%         2    ###....


Dungeon Overview and Level Annotations

Branches:
Dungeon (2/15)

Altars:


Innate Abilities, Weirdness & Mutations

You cannot wear boots.
Your serpentine skin is tough. (AC +1)
You have supernaturally acute eyesight. (SInv)
Armour fits poorly on your strangely shaped body.
Your system is resistant to poisons. (rPois)
You cover ground very slowly.
You have a slow metabolism.
You can spit poison.


Message History

You closely miss the adder.
The adder is moderately wounded.
You feel sick. The adder bites you.
Your shroud falls apart!
The adder bites you.
* * * LOW HITPOINT WARNING * * *
You closely miss the adder.
The adder is moderately wounded.
The adder bites you.
* * * LOW HITPOINT WARNING * * *
You hit the adder.
The adder is severely wounded.
The adder bites you but does no damage.
Casting: Shroud of Golubria
Confirm with . or Enter, or press ? or * to list all spells.
You miscast Blink.
You are very lightly contaminated with residual magic.
Nothing appears to happen.
The adder bites you but does no damage. The adder bites you.
You die...

#.# ..# ########
#.# #......# #.#
#.####.# #.# #.#
#.# #######.# #.#
#.# ......>.#
..####.#########.#
###.##..........@#
##.#.###########S#
..###........ ..#
##.#.######## ####
##.## ###


You could see an adder.

Vanquished Creatures
  3 dart slugs (D:1)
  A leopard gecko (D:1)
  3 bats (D:1)
  5 goblins (D:1)
  2 hobgoblins
  4 jackals (D:2)
  3 kobolds (D:1)
  A quokka (D:2)
  3 frilled lizards (D:1)
  2 rats (D:1)
27 creatures vanquished.

Notes
Turn   | Place    | Note
-------+----------+-------------------------------------------
     0 | D:1      | KleinerIrrer the Naga Warper began the quest for the Orb.
     0 | D:1      | Reached XP level 1. HP: 19/19 MP: 3/3
   240 | D:1      | Reached XP level 2. HP: 24/26 MP: 5/5
   267 | D:1      | Reached skill level 1 in Armour
   467 | D:1      | Learned a level 2 spell: Blink
   470 | D:1      | Learned a level 2 spell: Shroud of Golubria
   928 | D:1      | Reached XP level 3. HP: 26/32 MP: 6/6
  1642 | D:2      | Slain by an adder

Skill      XL: |  1  2 |
---------------+-------+-----
Armour         | 1 |  1.2
Fighting       | |  2.2
Polearms       | |  2.4
Throwing       | |  0.8
Dodging        | |  1.9
Stealth        | |  0.4
Spellcasting   | |  2.3
Translocations | |  3.1

Action                   || total
-------------------------++-------
Melee: Spear             ||   127
 Cast: Shroud of Golubri ||     4
  Eat: Chunk             ||     2
Armor: Leather armour    ||    35
Dodge: Dodged            ||    68
